 Dungeon Crawl Stone Soup version 0.31.0-11-ge490571c62 (webtiles) character file.

Game seed: 8771157861856570609

7 firemarshallily the Caller (level 1, -4/14 HPs)
             Began as a Demonspawn Summoner on Feb 10, 2024.
             Slain by a hobgoblin (5 damage)
             ... on level 1 of the Dungeon.
             The game lasted 00:01:27 (613 turns).

firemarshallily the Caller (Demonspawn Summoner)     Turns: 613, Time: 00:01:27

Health: -4/14      AC:  2    Str:  8    XL:     1   Next: 83%
Magic:  1/3        EV: 12    Int: 15    God:
Gold:   46         SH:  0    Dex: 13    Spells: 3/4 levels left

rFire   . . .        h - +0 dagger
rCold   . . .        (no shield)
rNeg    . . .        a - +0 robe
rPois   .            (no helmet)
rElec   .            (no cloak)
rCorr   .            (no gloves)
SInv    .            (no boots)
Will    .....        (no amulet)
Stlth   ++           (no ring)
HPRegen 0.22/turn    (no ring)
MPRegen 0.08/turn

%: no passive effects
@: no status effects
A: no striking features
a: no special abilities


You were on level 1 of the Dungeon.
You visited 1 branch of the dungeon, and saw 1 of its levels.

You collected 46 gold pieces.

Inventory:

Hand Weapons
 h - a +0 dagger (weapon)
Armour
 a - a +0 robe (worn)
 i - a +0 leather armour
Jewellery
 g - an amulet of faith
Scrolls
 f - 2 scrolls of enchant armour {unknown}
Potions
 b - a potion of magic
 c - a potion of berserk rage {unknown}
 d - a potion of curing {unknown}
 e - a potion of cancellation {unknown}


   Skills:
 + Level 0.4 Fighting
 - Level 1.7 Dodging
 - Level 1.7 Stealth
 * Level 2.2 Spellcasting
 + Level 4.1 Summonings


You had 3 spell levels left.
You knew the following spells:

 Your Spells              Type           Power      Damage    Failure   Level
a - Summon Small Mammal   Summ           56%        N/A       4%          1

Your spell library contained the following spells:

 Spells                   Type           Power      Damage    Failure   Level
 Call Imp                 Summ           28%        N/A       6%          2
 Call Canine Familiar     Summ           14%        N/A       12%         3
 Summon Blazeheart Golem  Fire/Summ      7%         N/A       67%         4
 Summon Lightning Spire   Summ/Air       7%         N/A       67%         4


Dungeon Overview and Level Annotations

Branches:
Dungeon (1/15)

Altars:


Message History

You closely miss the hobgoblin.
Your quokka bites the hobgoblin.
The hobgoblin completely misses you.
Casting: Summon Small Mammal (safe; 4% risk of failure)
Confirm with . or Enter, or press ? or * to list all spells.
Your quokka disappears in a puff of smoke!
The hobgoblin hits you.
You hit the hobgoblin.
The hobgoblin is moderately wounded.
Your bat closely misses the hobgoblin.
The hobgoblin hits you.
* * * LOW HITPOINT WARNING * * *
Your bat misses the hobgoblin.
Casting: Summon Small Mammal (safe; 4% risk of failure)
Confirm with . or Enter, or press ? or * to list all spells.
Your bat completely misses the hobgoblin.
Your bat closely misses the hobgoblin.
The hobgoblin barely misses you.
You hit the hobgoblin.
The hobgoblin is heavily wounded.
Your bat closely misses the hobgoblin.
The hobgoblin barely misses you.
Your quokka barely misses the hobgoblin.
Your bat closely misses the hobgoblin.
You hit the hobgoblin but do no damage.
The hobgoblin is heavily wounded.
Your bat hits the hobgoblin. The hobgoblin hits you.
* * * LOW HITPOINT WARNING * * *
Your quokka barely misses the hobgoblin.
You barely miss the hobgoblin.
The hobgoblin is severely wounded.
Your bat hits the hobgoblin.
Your quokka barely misses the hobgoblin.
The hobgoblin barely misses you.
You hit the hobgoblin but do no damage.
The hobgoblin is almost dead.
Your bat barely misses the hobgoblin.
Your quokka misses the hobgoblin. The hobgoblin hits you.
* * * LOW HITPOINT WARNING * * *
You closely miss the hobgoblin.
The hobgoblin is almost dead.
Your quokka barely misses the hobgoblin.
The hobgoblin hits you.
You die...

##### #...#
########### #...#
#.........###...#
##.#.#.#.#..##...####
#..br..........[.##..
##.#g#.#.#.......##..
#...@...........###..
##.#.#.#>#...†..# #..
#........†......###..
##.#.#.#.##..........
#.........###......##
##.#.#.#.## #......#
#.##########......# #
....#......#
#...#......#


You could see a hobgoblin (ally target), a friendly quokka (summoned) and a
friendly bat (summoned).

Vanquished Creatures
  A dart slug (D:1)
  A ball python (D:1)
2 creatures vanquished.

Vanquished Creatures (collateral kills)
  A goblin (D:1)
  A ball python (D:1)
  A bat (D:1)
  A frilled lizard (D:1)
4 creatures vanquished.

Grand Total: 6 creatures vanquished

Notes
Turn   | Place    | Note
-------+----------+-------------------------------------------
     0 | D:1      | firemarshallily the Demonspawn Summoner began the quest for
                  | the Orb.
     0 | D:1      | Reached XP level 1. HP: 13/13 MP: 3/3
   613 | D:1      | Slain by a hobgoblin

Illustrated notes

Levels and vault maps discovered:
D:1:      co_arrival_square_in_a_square_in_a_square, layout_basic, st_stairs_9

Action                     || total
---------------------------++-------
  Melee: Dagger            ||    12
         Unarmed           ||     3
   Cast: Summon Small Mamm ||    12
 Armour: Robe              ||    12
  Dodge: Dodged            ||    10
